 Dungeon Crawl Stone Soup version 0.20-a0-899-g09a9bfb (webtiles) character file.

30 BrendanD the Skirmisher (level 3, 0/43 HPs)
             Began as a Demonspawn Berserker on Mar 18, 2017.
             Was a Believer of Trog.
             Slain by an orc
             ... wielding a +0 flail
              (1 damage)
             ... on level 3 of the Dungeon.
             The game lasted 00:02:38 (842 turns).

BrendanD the Skirmisher (Demonspawn Berserker)       Turns: 842, Time: 00:02:39

Health: 0/43       AC:  7    Str: 22    XL:     3   Next: 3%
Magic:  3/3        EV: 10    Int:  8    God:    Trog [**....]
Gold:   107        SH:  0    Dex: 13    Spells: 2/2 levels left

rFire    . . .     SeeInvis .   a - +0 falchion
rCold    . . .     Gourm    .   h - +0 scale mail
rNeg     . . .     Faith    +   (no shield)
rPois    .         Spirit   .   (no helmet)
rElec    .         Reflect  .   l - +0 cloak
rCorr    .         Harm     .   (no gloves)
MR       .....                  (no boots)
Stlth    ..........             e - amulet of faith {!P}
Regen    0.2/turn               (no ring)
MPRegen  0.1/turn               (no ring)

@: berserking, very quick
A: claws 1
a: Berserk, Trog's Hand, Burn Spellbooks, Renounce Religion


You were on level 3 of the Dungeon.
You worshipped Trog.
Trog was pleased with you.
You were hungry.

You visited 1 branch of the dungeon, and saw 3 of its levels.

You collected 107 gold pieces.

Inventory:

Hand Weapons
 a - a +0 falchion (weapon)
Armour
 h - a +0 scale mail (worn)
 l - a +0 cloak (worn)
Jewellery
 e - an amulet of faith (around neck) {!P}
Scrolls
 b - a scroll of remove curse {unknown}
 d - a scroll of recharging {unknown}
 g - 2 scrolls of identify {unknown}
 i - 2 scrolls of teleportation {unknown}
Potions
 k - a potion of curing {unknown}
 m - 2 potions of heal wounds {unknown}
Comestibles
 c - a bread ration
 j - 3 fruits


   Skills:
 + Level 3.4 Fighting
 * Level 3.4 Long Blades
 - Level 1.7 Armour
 - Level 1.7 Dodging


You had 2 spell levels left.
You didn't know any spells.

Dungeon Overview and Level Annotations

Branches:
Dungeon (2/15)

Altars:
Dithmenos


Innate Abilities, Weirdness & Mutations

You have sharp fingernails.


Message History

Your scale mail prevents you from hitting the jackal.
The orc hits you.
* * * LOW HITPOINT WARNING * * *
The orc barely misses you.
You riposte.
You slash the orc!
You kill the orc!
Trog accepts your kill.
You have reached level 3!
Your experience leads to an increase in your attributes!
Your base attributes are Str 17, Int 8, Dex 12.
Increase (S)trength, (I)ntelligence, or (D)exterity?
You feel agile.
You slash the jackal!
You kill the jackal!
Trog accepts your kill.
You can now call upon Trog for regeneration and protection from hostile enchantments.
The jackal bites you but does no damage.
The orc hits you with a flail.
* * * LOW HITPOINT WARNING * * *
The orc hits you but does no damage. The orc hits you with a flail.
You die...

### ...
###.##
##....r##
#.?...oo#
#....o)@#
...._.hoJ..#
#......l#.##
#.).....#.#
##.....## #
###.## ..
#..


You could see an ooze, 4 orcs, a leopard gecko, a quokka and a jackal.

Vanquished Creatures
  3 dart slugs (D:1)
  A leopard gecko (D:1)
  An orc (D:3)
  2 bats (D:1)
  2 giant cockroaches
  4 goblins (D:1)
  A jackal (D:3)
  3 kobolds
  A ball python (D:1)
  3 rats
21 creatures vanquished.

Notes
Turn   | Place    | Note
-------+----------+-------------------------------------------
     0 | D:1      | BrendanD the Demonspawn Berserker began the quest for the Orb.
     0 | D:1      | Reached XP level 1. HP: 18/18 MP: 1/1
   288 | D:1      | Gained mutation: You have sharp fingernails. [demonic ancestry]
   288 | D:1      | Reached XP level 2. HP: 23/24 MP: 2/2
   833 | D:2      | You fall through a shaft!
   833 | D:3      | Found a shadowy altar of Dithmenos.
   841 | D:3      | Reached XP level 3. HP: 6/29 MP: 3/3
   842 | D:3      | Reached ** piety under Trog
   842 | D:3      | HP: 1/43 [orc/flail (5)]
   842 | D:3      | Slain by an orc

Vault maps used:
D:1:      nagdon_arrival_zigzag_paths, roderic_lattice_a, serial_bayou_ford_a,
          minmay_cut_off
D:2:      nicolae_qazlal_eye_of_the_storm, due_unseen_surprise
D:3:      old_standard_altar, doesnt_xom_only_xom,
          gammafunk_temple_overflow_statue, uniq_terence

Skill      XL: |  1 |
---------------+----+-----
Long Blades    | 3 |  3.4
Fighting       | |  3.4
Armour         | |  1.7
Dodging        | |  1.7

Action                   || total
-------------------------++-------
Melee: Falchion          ||    73
Invok: Berserk           ||     1
Armor: Scale mail        ||    47
Dodge: Dodged            ||    54
       Rpst.: Falchion   ||    23
